Map: Triton LE

Players

Lambo

  • Race: Zerg Zerg
  • League: Master
  • Spawn Location: 5:00

Clem - Winner!

  • Race: Terran Terran
  • Spawn Location: 11:00

Event: NationWars 2019

VOD

Have the link to the VOD?

Description

Time

  • Played on: Dec. 1, 2019, 2:40 p.m.
  • Length: 10:00
Show
View Real Time Build Order
Export as new Build Order

Lambo Zerg 

Build Orders: Hatch First, Lurkers 

Get SALT Encoding   

  12  0:00  Drone  
  13  0:12  Overlord  
  13  0:16  Drone  
  14  0:30  Drone x2  
  16  0:47  Hatchery  
  15  0:50  Drone  
  15  0:54  Drone  
  18  0:57  Drone  
  18  1:07  Extractor  
  17  1:12  Spawning Pool  
  17  1:15  Drone  
  17  1:18  Drone  
  18  1:27  Drone  
  19  1:38  Drone  
  20  1:49  Drone  
  21  2:01  Zergling x2, Queen x2  
  21  2:02  Zergling x2  
  27  2:26  Overlord  
  27  2:27  Drone  
  28  2:34  Drone  
  28  2:43  Metabolic Boost  
  28  2:44  Queen, Overlord  
  28  2:45  Drone x4  
  34  2:53  Drone  
  34  2:56  Drone  
  36  3:04  Drone  
  36  3:05  Queen  
  39  3:11  Drone  
  39  3:12  Hatchery  
  38  3:15  Spore Crawler, Drone  
  38  3:23  Drone x3  
  38  3:26  Spore Crawler  
  41  3:30  Drone x2  
  39  3:42  Drone x4  
  44  3:49  Overlord  
  44  3:57  Overlord  
  44  4:00  Overlord  
  44  4:07  Queen  
  46  4:14  Drone x5  
  46  4:15  Roach Warren  
  51  4:17  Drone  
  51  4:18  Drone x3  
  54  4:24  Zergling x2  
  54  4:26  Queen  
  54  4:30  Zergling x2  
  54  4:31  Zergling x6  
  61  4:32  Drone  
  61  4:34  Drone  
  63  4:39  Drone x2  
  63  4:45  Drone  
  66  4:48  Drone x3  
  69  4:53  Drone x2  
  69  4:56  Drone  
  71  5:00  Drone  
  71  5:02  Overlord  
  71  5:03  Lair  
  72  5:07  Overlord  
  72  5:10  Extractor x2, Overlord  
  72  5:14  Evolution Chamber  
  71  5:16  Drone  
  71  5:17  Drone  
  71  5:21  Drone  
  74  5:25  Drone  
  74  5:26  Spore Crawler  
  73  5:28  Drone, Evolution Chamber  
  73  5:31  Drone x2  
  73  5:33  Drone x2  
  73  5:34  Drone x2  
  78  5:36  Drone x2  
  78  5:39  Drone x3  
  78  5:41  Extractor  
  78  5:42  Drone  
  83  5:43  Extractor  
  83  5:45  Drone  
  83  5:49  Drone  
  84  5:50  Hatchery  
  84  5:51  Extractor  
  84  5:53  Roach  
  84  5:55  Overlord  
  84  5:56  Zerg Ground Armor Level 1, Zerg Missile Weapons Level 1  
  84  5:59  Roach x2  
  84  6:00  Roach  
  90  6:08  Glial Reconstitution  
  90  6:10  Overlord  
  90  6:12  Overlord  
  90  6:16  Roach x3  
  90  6:18  Overlord  
  96  6:19  Overlord  
  96  6:21  Overlord  
  96  6:22  Roach  
  96  6:23  Roach x2  
  102  6:27  Roach  
  102  6:29  Overlord  
  104  6:35  Drone  
  104  6:36  Drone  
  104  6:37  Spore Crawler  
  104  6:38  Roach x4  
  113  6:40  Ravager x2  
  113  6:44  Ravager  
  113  6:46  Overlord  
  116  6:48  Ravager  
  116  6:50  Roach  
  116  6:51  Overlord  
  116  6:52  Overlord  
  119  6:55  Overlord  
  119  7:00  Drone  
  120  7:03  Drone x9, Infestation Pit  
  120  7:07  Overlord  
  128  7:11  Drone x2  
  128  7:12  Hydralisk Den  
  128  7:15  Roach x2  
  133  7:16  Extractor x2  
  133  7:19  Drone x2  
  133  7:23  Drone  
  133  7:26  Drone x2  
  133  7:27  Queen  
  133  7:28  Pneumatized Carapace  
  138  7:34  Roach x4  
  146  7:37  Drone x2  
  146  7:38  Drone  
  146  7:42  Roach x4  
  157  7:49  Spore Crawler  
  156  7:51  Hive  
  156  7:54  Lurker Den  
  156  7:55  Hydralisk  
  156  7:58  Drone  
  157  8:10  Hydralisk x4  
  157  8:11  Hydralisk  
  157  8:12  Drone x3  
  169  8:15  Drone x3  
  165  8:24  Hydralisk x3  
  165  8:25  Hydralisk  
  173  8:27  Muscular Augments, Drone  
  173  8:28  Drone x3  
  173  8:30  Drone  
  173  8:32  Spore Crawler  
  177  8:35  Hydralisk x3  
  177  8:39  Overlord  
  177  8:40  Overlord  
  179  8:53  Hatchery  
  179  8:54  Hydralisk x4  
  178  8:56  Overlord  
  178  9:06  Lurker x4  
  182  9:12  Roach x5  
  190  9:18  Viper x2  
  190  9:21  Roach x4  
  198  9:26  Roach x5  
  198  9:27  Roach x3  
  198  9:29  Roach  
  198  9:30  Roach  
  186  9:34  Roach x3  
  186  9:37  Overlord  
  192  9:39  Overlord  
Show
View Real Time Build Order
Export as new Build Order

Clem Terran - Winner!

Build Orders: Gas First Reaper Expand, Liberator Opening, Mech 

Get SALT Encoding   

  12  0:01  SCV  
  13  0:13  SCV  
  14  0:17  Supply Depot  
  14  0:25  SCV  
  15  0:29  Refinery  
  15  0:38  SCV  
  16  0:44  Barracks  
  16  0:50  SCV  
  17  1:02  SCV  
  18  1:14  SCV  
  19  1:30  Orbital Command  
  19  1:31  Reaper  
  20  1:41  Command Center  
  20  1:52  Factory  
  20  1:57  SCV  
  21  2:08  Barracks Reactor  
  21  2:09  SCV  
  21  2:14  Supply Depot  
  22  2:19  Refinery  
  22  2:22  SCV  
  23  2:36  SCV  
  24  2:44  Starport  
  24  2:48  SCV  
  24  2:50  Hellion x2  
  29  2:53  Orbital Command  
  29  2:56  Barracks Tech Lab  
  29  3:00  SCV  
  29  3:04  Liberator  
  30  3:12  SCV  
  35  3:13  Hellion x2  
  36  3:20  SCV  
  36  3:26  SCV  
  40  3:32  SCV, Supply Depot  
  41  3:40  Hellion  
  41  3:41  SCV  
  44  3:44  SCV  
  44  3:46  Stimpack  
  44  3:52  Marine  
  44  3:53  SCV  
  46  3:56  SCV  
  46  3:57  Supply Depot  
  46  3:59  Hellion  
  46  4:02  Hellion  
  51  4:05  SCV  
  51  4:08  SCV  
  51  4:09  Supply Depot  
  53  4:10  Starport Reactor  
  53  4:17  SCV  
  53  4:20  SCV  
  53  4:23  Marine  
  56  4:28  Command Center  
  56  4:30  SCV  
  57  4:34  Factory Tech Lab, SCV  
  58  4:41  Marine  
  58  4:43  Barracks  
  58  4:44  Barracks, SCV  
  60  4:51  SCV  
  61  4:56  SCV  
  61  4:57  Engineering Bay  
  61  4:59  Engineering Bay, Marine  
  61  5:04  SCV  
  61  5:05  Siege Tank  
  61  5:06  Starport Reactor  
  65  5:09  SCV, Supply Depot  
  66  5:16  SCV  
  66  5:17  Marine  
  66  5:18  Refinery  
  66  5:19  Refinery  
  66  5:21  SCV  
  69  5:24  Terran Infantry Weapons Level 1  
  69  5:25  Terran Infantry Armor Level 1  
  69  5:26  Combat Shield  
  69  5:28  SCV  
  70  5:32  Marine x2  
  70  5:33  SCV  
  73  5:35  Supply Depot  
  73  5:40  SCV  
  78  5:45  Marine x2  
  78  5:46  SCV  
  78  5:47  Orbital Command, Medivac  
  78  5:48  Medivac  
  81  5:50  Marine  
  81  5:51  Marine  
  81  5:55  SCV  
  84  5:57  Marine  
  84  5:58  SCV  
  84  6:00  Barracks  
  84  6:01  Siege Tank  
  89  6:07  Barracks  
  89  6:09  Marine x2  
  91  6:11  SCV  
  91  6:13  Orbital Command, SCV  
  91  6:16  Marine x2  
  95  6:20  Supply Depot  
  95  6:23  Marine  
  95  6:25  Supply Depot  
  96  6:27  SCV, Marine  
  96  6:29  Armory, SCV  
  96  6:31  Marine  
  100  6:34  Marine  
  101  6:42  SCV x3  
  101  6:43  Marine  
  101  6:44  Supply Depot  
  105  6:54  SCV x2, Factory  
  106  6:55  Marine  
  106  6:56  Supply Depot  
  106  6:59  Factory Reactor  
  106  7:00  Marine  
  108  7:02  Factory  
  108  7:03  Marauder  
  108  7:04  SCV  
  108  7:06  SCV, Refinery  
  108  7:07  Supply Depot  
  108  7:08  Barracks Reactor x2, Refinery  
  112  7:09  Supply Depot  
  112  7:10  Siege Tank  
  112  7:11  Marine x2  
  112  7:12  SCV  
  118  7:17  SCV  
  118  7:18  SCV  
  118  7:21  Bunker, Supply Depot  
  120  7:23  Marine x2  
  120  7:24  SCV, Marine  
  120  7:27  Supply Depot, Terran Infantry Weapons Level 2  
  120  7:29  Terran Infantry Armor Level 2  
  124  7:33  SCV x2  
  124  7:36  Marine x2  
  128  7:38  Terran Vehicle Weapons Level 1  
  128  7:41  Marine x2  
  128  7:43  SCV  
  131  7:44  Supply Depot  
  131  7:47  Factory Tech Lab  
  131  7:48  Marine x4  
  131  7:49  Marine  
  136  7:54  Marine x2  
  136  7:57  Siege Tank  
  136  7:58  Medivac x2  
  145  8:02  Marine x2  
  145  8:04  Supply Depot  
  147  8:06  Marine  
  147  8:08  Marine x2  
  147  8:09  Siege Tank  
  149  8:15  Liberator  
  149  8:16  Marine x2  
  149  8:17  Marine  
  149  8:19  Marine  
  146  8:29  Siege Tank, Command Center, Marine x3  
  146  8:33  Medivac  
  157  8:37  Marauder, Marine x2  
  157  8:40  Marine x3  
  157  8:43  Siege Tank  
  157  8:46  Supply Depot  
  157  8:54  Marine  
  158  8:57  Marine  
  158  8:59  Barracks Reactor, Marauder, Sensor Tower  
  158  9:00  Marine x2  
  163  9:04  Marine x2  
  163  9:05  Siege Tank, Factory  
  168  9:11  Supply Depot  
  168  9:15  Siege Tank  
  171  9:19  Marine  
  171  9:20  Marauder  
  171  9:24  Marine x5  
  175  9:31  Supply Depot  
  171  9:36  Marine x2  
  171  9:37  Marine  
  175  9:41  Marine  
  175  9:43  Supply Depot  
Tags
 
Add a new tag
Caveats
  • Supply blocks, unpowered buildings, or Contaminate may cause inaccurate times.
  • Supply counts are checked every 10 seconds.